 Dungeon Crawl Stone Soup version 0.19.1 (webtiles) character file.

53566 kae the Bludgeoner (level 15, -5/122 HPs)
             Began as a Formicid Fighter on Dec 3, 2016.
             Was the Champion of Cheibriados.
             Slain by a seven-headed hydra (13 damage)
             ... on level 6 of the Lair of Beasts.
             The game lasted 00:27:57 (21476 turns).

kae the Bludgeoner (Formicid Fighter)              Turns: 21476, Time: 00:27:58

Health: -5/122     AC: 22    Str: 40    XL:     15   Next: 10%
Magic:  14/22      EV: 10    Int: 25    God:    Cheibriados [******]
Gold:   1099       SH: 15    Dex: 30    Spells: 0 memorised, 14 levels left

rFire  + + .     SeeInvis +     s - +2 flail (protect)
rCold  x . .     Gourm    .     u - +1 scale mail "Rivad" {-Tele rN++ MR+}
rNeg   + + +     Faith    .     c - +0 shield
rPois  +         Spirit   .     (helmet unavailable)
rElec  .         Reflect  .     M - +1 cloak of Sumoseh {+Inv rF+ Dex+3}
rCorr  .         Harm     .     z - +1 pair of gloves
MR     ++...                    (no boots)
Stlth  +.........               (no amulet)
                                q - ring of fire
                                I - ring "Anesuerghumn" {rPois rN+ Dex+2}

@: protection aura, very slow
A: permanent stasis, dig shafts and tunnels, four strong arms, antennae 3
a: Dig, Shaft Self, Bend Time, Temporal Distortion, Slouch, Step From Time,
Renounce Religion, Evoke Invisibility


You were on level 6 of the Lair of Beasts.
You worshipped Cheibriados.
Cheibriados was exalted by your worship.
You were hungry.

You visited 3 branches of the dungeon, and saw 17 of its levels.
You also visited: Ossuary and Ice Cave.

You collected 1289 gold pieces.
You spent 190 gold pieces at shops.

Inventory:

Hand Weapons
 a - a +0 flail
 s - a +2 flail of protection (weapon)
Armour
 c - a +0 shield (worn)
 u - the +1 scale mail "Rivad" (worn) {-Tele rN++ MR+}
   (You found it on level 4 of the Dungeon)

   It greatly protects you from negative energy.
   It affects your resistance to hostile enchantments.
   It prevents most forms of teleportation.
 z - a +1 pair of gloves (worn)
 M - the +1 cloak of Sumoseh (worn) {+Inv rF+ Dex+3}
   (You found it in an ice cave)

   It affects your dexterity (+3).
   It protects you from fire.
   It lets you turn invisible.
Jewellery
 d - an uncursed ring of ice
 q - a ring of fire (right hand)
 r - an uncursed ring of protection from cold
 A - an uncursed ring of protection from magic
 I - the ring "Anesuerghumn" (left hand) {rPois rN+ Dex+2}
   (You found it on level 10 of the Dungeon)

   [ring of poison resistance]

   It affects your dexterity (+2).
   It protects you from poison.
   It protects you from negative energy.
 N - an uncursed ring of magical power
 O - an uncursed ring of protection from cold
 P - an uncursed ring of ice
 T - an uncursed ring of ice
Wands
 n - a wand of iceblast (12/15)
 v - a wand of paralysis (14/24)
 x - a wand of flame (25/48)
 D - a wand of flame (15/48)
 E - a wand of iceblast (7/15)
 F - a wand of random effects (36/48)
Scrolls
 e - 18 scrolls of remove curse
 p - 6 scrolls of enchant weapon
 B - 3 scrolls of magic mapping
 G - 8 scrolls of identify
 Q - 3 scrolls of recharging
 R - a scroll of fear
 U - a scroll of amnesia
Potions
 h - 11 potions of curing
 i - 6 potions of lignification
 l - 6 potions of berserk rage
 m - 5 potions of brilliance
 o - 6 potions of flight
 t - a potion of cancellation
 C - 3 potions of might
 J - a potion of degeneration
 K - 2 potions of resistance
Books
 g - a book of Air

   Spells                             Type                      Level
   a - Shock                          Conjuration/Air              1
   b - Swiftness                      Charms/Air                   2
   c - Repel Missiles                 Charms/Air                   2
   d - Static Discharge               Conjuration/Air              3
   e - Lightning Bolt                 Conjuration/Air              5
 y - a book of Changes

   Spells                             Type                      Level
   a - Beastly Appendage              Transmutation                1
   b - Sticks to Snakes               Transmutation                2
   c - Spider Form                    Transmutation/Poison         3
   d - Ice Form                       Ice/Transmutation            4
   e - Blade Hands                    Transmutation                5
 H - a book of Debilitation

   Spells                             Type                      Level
   a - Corona                         Hexes                        1
   b - Slow                           Hexes                        2
   c - Gell's Gravitas                Hexes/Translocation          3
   d - Inner Flame                    Hexes/Fire                   3
   e - Cause Fear                     Hexes                        4
   f - Leda's Liquefaction            Hexes/Earth                  4
 L - a book of Clouds

   Spells                             Type                      Level
   a - Mephitic Cloud                 Conjuration/Poison/Air       3
   b - Conjure Flame                  Conjuration/Fire             3
   c - Poisonous Cloud                Conjuration/Poison/Air       6
   d - Freezing Cloud                 Conjuration/Ice/Air          6
   e - Ring of Flames                 Charms/Fire                  7
 S - a book of Cantrips

   Spells                             Type                      Level
   a - Confusing Touch                Hexes                        1
   b - Animate Skeleton               Necromancy                   1
   c - Summon Small Mammal            Summoning                    1
   d - Apportation                    Translocation                1
Comestibles
 b - 17 fruits
 f - 13 bread rations
 j - 8 meat rations
 k - 7 beef jerkies
 w - a slice of pizza


   Skills:
 + Level 12.3 Fighting
 - Level 15.1 Maces & Flails
 + Level 12.2 Armour
 - Level 9.0 Shields
 - Level 10.0 Invocations
 - Level 7.7 Evocations


You had 14 spell levels left.
You didn't know any spells.

Dungeon Overview and Level Annotations

Branches:
Dungeon (10/15)            Temple (1/1) D:6            Lair (6/6) D:9
  Swamp (0/4) Lair:3        Snake (0/4) Lair:3        Slime (0/5) Lair:6
    Orc (0/2) D:9

Altars:
Ashenzari
Cheibriados
Dithmenos
Elyvilon
Fedhas
Gozag
Hepliaklqana
Kikubaaqudgha
Makhleb
Nemelex Xobeh
Okawaru
Qazlal
Ru
Sif Muna
Trog
Uskayaw
Vehumet
Xom
Yredelemnul
Zin
The Shining One

Shops:
D:5 }[*   D:7 (

Annotations:
Lair:1 exclusion: 3 oklob plants


Innate Abilities, Weirdness & Mutations

You are under a permanent stasis effect.
You can dig through walls and to a lower floor.
Your four strong arms can wield two-handed weapons with a shield.
You have a pair of large antennae on your head. (SInv)


Message History

The flow of time bends around you.
Cheibriados rebukes the seven-headed hydra.
The seven-headed hydra seems to slow down.
You are feeling hungry.
The seven-headed hydra bites you but does no damage. x2
The seven-headed hydra bites you!
* * * LOW HITPOINT WARNING * * *
You block the seven-headed hydra's attack. x3
The seven-headed hydra misses you.
You sock the seven-headed hydra!
Your weapon exudes an aura of protection.
The seven-headed hydra is moderately wounded.
You thump the seven-headed hydra!
The seven-headed hydra is heavily wounded.
The seven-headed hydra bites you!
* * * LOW HITPOINT WARNING * * *
The seven-headed hydra bites you.
* * * LOW HITPOINT WARNING * * *
The seven-headed hydra bites you!
You die...

*#§≈≈≈*##..................#
≈≈≈≈*≈≈≈#..................#
≈*****≈≈##.................#
** ###*≈≈##.###............#
####.#####.##.............P#
#........#...#..#...P...P.##
.........................##
.†......................##
...............D@...P...##
................P..P.....#
................PP..P#..####
#.#........................#
.####................≈≈≈≈..#
####.................≈§≈≈..#
.#P##................≈§#≈..#
.....................≈#≈≈..#
....................§§≈#§§.##


You could see a seven-headed hydra.

Vanquished Creatures
  A white draconian (IceCv)
  3 hydras
  Erica (D:10)
  A death yak (IceCv)
  A lindwurm (Lair:6)
  4 oklob plants
  A cyclops (D:8)
  8 black mambas
  19 elephants
  A molten gargoyle (Lair:6)
  8 spiny frogs
  An ice statue (IceCv)
  3 rime drakes
  8 komodo dragons
  3 trolls (D:9)
  The ghost of kae the Cudgeler, an amateur FoFi (D:4)
  19 polar bears
  Grinder (D:4)
  19 blink frogs
  5 dream sheep (Lair:5)
  6 hippogriffs
  6 wyverns
  Eustachio (D:5)
  70 yaks
  2 basilisks
  4 vampire mosquitoes (Lair:3)
  A hungry ghost (D:10)
  2 hell hounds (Lair:6)
  12 water moccasins
  5 porcupines
  A black bear (D:9)
  4 orc warriors (D:9)
  3 ice beasts
  2 sky beasts (D:8)
  2 phantoms (D:8)
  6 ogres
  18 wolves
  4 centaurs
  9 crocodiles
  6 big kobolds
  17 bullfrogs
  2 gnoll sergeants (D:9)
  2 water moccasin zombies (Ossuary)
  A scorpion (D:10)
  9 killer bees
  3 wights (D:9)
  An electric eel (Lair:3)
  6 howler monkeys
  2 lava snakes (Lair:6)
  A bullfrog zombie (D:8)
  7 crimson imps
  A hound (D:6)
  Crazy Yiuf (D:4)
  A bullfrog skeleton (D:5)
  A jelly (D:6)
  3 orc priests
  7 orc wizards
  A centaur skeleton (D:4)
  A gnoll shaman (D:3)
  An iron imp (D:5)
  4 iguanas
  7 worker ants
  A killer bee zombie (D:8)
  2 big kobold zombies (Ossuary)
  2 hound skeletons
  2 mummies (Ossuary)
  A howler monkey zombie (D:7)
  A worker ant zombie (D:9)
  10 adders
  8 gnolls
  A shadow imp (D:6)
  An ooze (D:3)
  5 adder zombies (Ossuary)
  2 worms
  2 leopard geckos
  24 orcs
  3 ball pythons (D:5)
  5 giant cockroaches
  4 hobgoblins
  11 jackals
  4 quokkas
  5 bats
  3 frilled lizards
  A giant cockroach zombie (D:6)
  2 gnoll zombies (Ossuary)
  7 goblins
  2 goblin skeletons (D:5)
  A goblin zombie (D:5)
  3 hobgoblin zombies
  A jackal skeleton (D:8)
  19 kobolds
  A kobold skeleton (D:5)
  4 kobold zombies
  A leopard gecko skeleton (D:4)
  An orc skeleton (D:5)
  9 orc zombies
  16 rats
  A fungus (D:4)
  A plant (Lair:2)
518 creatures vanquished.

Vanquished Creatures (others)
  A howler monkey (D:4)
  A worker ant (D:4)
  12 fungi
  12 plants
26 creatures vanquished.

Grand Total: 544 creatures vanquished

Notes
Turn   | Place    | Note
-------+----------+-------------------------------------------
     0 | D:1      | kae the Formicid Fighter began the quest for the Orb.
     0 | D:1      | Reached XP level 1. HP: 18/18 MP: 1/1
   218 | D:1      | Reached XP level 2. HP: 22/24 MP: 2/2
   596 | D:1      | Reached XP level 3. HP: 23/29 MP: 3/3
   604 | D:1      | Reached skill level 3 in Maces & Flails
  1122 | D:2      | Reached XP level 4. HP: 21/35 MP: 4/4
  1992 | D:3      | Reached skill level 4 in Maces & Flails
  1992 | D:3      | Reached XP level 5. HP: 40/41 MP: 5/5
  2022 | D:3      | Reached skill level 5 in Shields
  2233 | D:4      | Noticed Grinder
  2235 | D:4      | Noticed an ogre
  2238 | D:4      | Noticed kae's ghost (amateur FoFi)
  2260 | D:2      | You fall through a shaft!
  2792 | D:4      | Reached XP level 6. HP: 31/47 MP: 6/6
  3005 | D:4      | Reached skill level 5 in Maces & Flails
  3106 | D:4      | Killed Grinder
  3106 | D:4      | Reached skill level 6 in Maces & Flails
  3106 | D:4      | Reached XP level 7. HP: 21/52 MP: 7/7
  3488 | D:4      | Killed kae's ghost
  3824 | D:4      | Got a brightly glowing scale mail
  3842 | D:4      | Identified the +1 scale mail "Rivad" {-Tele rN++ MR+} (You found it on level 4 of the Dungeon)
  3950 | D:4      | Found a runed door.
  3954 | D:4      | Noticed Crazy Yiuf
  3961 | D:4      | Killed Crazy Yiuf
  4008 | D:5      | Entered Level 5 of the Dungeon
  4027 | D:5      | Reached skill level 7 in Maces & Flails
  4027 | D:5      | Reached XP level 8. HP: 58/58 MP: 8/8
  4351 | D:5      | Found Casius's Gadget Shoppe.
  4477 | D:5      | Found a glowing golden altar of the Shining One.
  4602 | D:5      | Found Jintom's Assorted Antiques.
  4611 | D:5      | Noticed Eustachio
  4652 | D:5      | Killed Eustachio
  4652 | D:5      | Reached skill level 8 in Maces & Flails
  4662 | D:5      | Bought a runed flail for 190 gold pieces
  4862 | D:5      | Found Xodghudi's Antique Armour Emporium.
  4990 | D:6      | Found a staircase to the Ecumenical Temple.
  5002 | Temple   | Entered the Ecumenical Temple
  5195 | Temple   | Became a worshipper of Cheibriados the Contemplative
  5870 | D:6      | Reached XP level 9. HP: 56/64 MP: 9/9
  6039 | D:7      | Reached skill level 9 in Maces & Flails
  6064 | D:7      | Found a sand-covered staircase.
  6076 | D:7      | Reached * piety under Cheibriados
  6090 | Ossuary  | Entered an ossuary
  6296 | D:7      | Found Ezahas's Antique Weapon Emporium.
  6340 | D:7      | Reached ** piety under Cheibriados
  6430 | D:7      | Reached skill level 10 in Maces & Flails
  6458 | D:7      | Reached skill level 1 in Invocations
  7224 | D:8      | Reached XP level 10. HP: 66/70 MP: 12/12
  7234 | D:8      | Noticed a cyclops
  7264 | D:8      | Killed a cyclops
  7264 | D:8      | Reached skill level 11 in Maces & Flails
  7927 | D:9      | Found a staircase to the Orcish Mines.
  7976 | D:9      | Reached skill level 5 in Invocations
  8212 | D:9      | Reached *** piety under Cheibriados
  8212 | D:9      | Reached skill level 12 in Maces & Flails
  8792 | D:9      | Reached XP level 11. HP: 75/75 MP: 14/16
  8793 | D:9      | Reached **** piety under Cheibriados
  9011 | D:9      | Found a staircase to the Lair.
  9215 | D:9      | Reached skill level 13 in Maces & Flails
  9294 | D:10     | Entered Level 10 of the Dungeon
  9560 | D:10     | Noticed Erica
  9571 | D:10     | Killed Erica
  9881 | D:10     | Got a steaming silver ring
 10445 | D:10     | Reached ***** piety under Cheibriados
 10572 | Lair:1   | Entered Level 1 of the Lair of Beasts
 10574 | Lair:1   | Identified the ring "Anesuerghumn" {rPois rN+ Dex+2} (You found it on level 10 of the Dungeon)
 10590 | D:9      | Reached skill level 14 in Maces & Flails
 11223 | Lair:1   | Reached XP level 12. HP: 55/81 MP: 14/19
 11446 | Lair:1   | Noticed a seven-headed hydra
 11455 | Lair:1   | Killed a seven-headed hydra
 11803 | Lair:1   | Reached skill level 10 in Invocations
 12013 | Lair:2   | Reached skill level 15 in Maces & Flails
 12366 | Lair:2   | Reached skill level 5 in Armour
 12371 | Lair:2   | Reached skill level 5 in Fighting
 13669 | Lair:3   | Reached XP level 13. HP: 79/95 MP: 20/20
 13684 | Lair:3   | Found a staircase to the Swamp.
 13966 | Lair:3   | Found a staircase to the Snake Pit.
 14705 | Lair:4   | Found a frozen archway.
 14751 | IceCv    | Entered an ice cave
 15034 | IceCv    | Reached ****** piety under Cheibriados
 15592 | IceCv    | Got a shimmering cloak
 15603 | IceCv    | Identified the +1 cloak of Sumoseh {+Inv rF+ Dex+3} (You found it in an ice cave)
 16054 | IceCv    | Reached skill level 1 in Evocations
 16254 | IceCv    | Noticed a white draconian
 16266 | IceCv    | Killed a white draconian
 16295 | IceCv    | Reached skill level 10 in Armour
 16870 | Lair:4   | Reached skill level 10 in Fighting
 16967 | Lair:4   | Reached XP level 14. HP: 107/110 MP: 21/21
 17080 | Lair:4   | Reached skill level 5 in Evocations
 18748 | Lair:5   | Found a deep blue altar of Sif Muna.
 19237 | Lair:5   | Got a steaming scale mail
 19248 | Lair:5   | Identified the +1 scale mail of the Gate {rF- Int+5} (You found it on level 5 of the Lair of Beasts)
 19634 | Lair:6   | Entered Level 6 of the Lair of Beasts
 19855 | Lair:6   | HP: 3/113 [wyvern (7)]
 21010 | Lair:6   | Reached XP level 15. HP: 92/120 MP: 22/22
 21476 | Lair:6   | Slain by a seven-headed hydra

Skill      XL: |  1  2  3  4  5  6  7  8  9 10 11 12 13 14 |
---------------+-------------------------------------------+-----
Shields        | 4 5 6 8 9 |  9.0
Maces & Flails | 3 4 6 7 8 10 12 14 15 | 15.1
Invocations    | 3 6 9 10 | 10.0
Armour         | 6 10 12 | 12.2
Fighting       | 6 10 12 | 12.3
Evocations     | 4 7 |  7.7

Action                   |  1- 3 |  4- 6 |  7- 9 | 10-12 | 13-15 || total
-------------------------+-------+-------+-------+-------+-------++-------
Melee: Flail             |   127 |   149 |   506 |   842 |  1062 ||  2686
Invok: Bend Time         |       |       |       |    11 |     6 ||    17
       Slouch            |       |       |       |     1 |     2 ||     3
       Step From Time    |       |       |       |       |     1 ||     1
 Abil: Dig               |       |     1 |       |     4 |    23 ||    28
       Shaft Self        |       |     1 |       |       |       ||     1
  Use: Scroll            |     3 |     3 |     7 |     3 |     4 ||    20
       Potion            |       |     1 |       |     5 |       ||     6
 Stab: Distracted        |       |       |       |       |     1 ||     1
  Eat: Chunk             |       |     8 |    12 |    13 |    18 ||    51
Armor: Scale mail        |    45 |    51 |   152 |   223 |   309 ||   780
       Skin              |       |       |       |     9 |       ||     9
Dodge: Dodged            |    42 |    46 |   155 |   208 |   219 ||   670
Block: Shield            |    62 |    67 |   248 |   509 |   574 ||  1460
